 Dungeon Crawl Stone Soup version 0.21.1-1-g345015fe64 (webtiles) character file.

121350 StormFly the Severer (level 16, 0/157 HPs)
             Began as a Hill Orc Fighter on June 5, 2018.
             Was a High Priest of Beogh.
             Slain by a merfolk javelineer
             ... wielding a +1 spear of piercing
              (9 damage)
             ... on level 4 of the Shoals on June 6, 2018.
             The game lasted 03:54:45 (26089 turns).

StormFly the Severer (Hill Orc Fighter)            Turns: 26089, Time: 03:54:46

Health: 0/157      AC: 28    Str: 26    XL:     16   Next: 84%
Magic:  16/18      EV:  9    Int:  8    God:    Beogh [*****.]
Gold:   2148       SH: 14    Dex: 14    Spells: 15/15 levels left

rFire    . . .     SeeInvis +   G - +7 hand axe (vamp)
rCold    . . .     Gourm    .   c - +0 shield
rNeg     . . .     Faith    .   D - +8 plate armour
rPois    +         Spirit   .   m - +2 helmet
rElec    .         Reflect  .   o - +1 cloak {rPois}
rCorr    .         Harm     .   p - +0 pair of gloves
MR       +....                  (no boots)
Stlth    ..........             g - amulet of regeneration
HPRegen  0.76/turn              d - +1 ring of evasion
MPRegen  0.16/turn              l - ring of the Tarantula {+Blink AC+1 SInv Stlth-}

@: lethally poisoned (0 -> 0)
A: walk on water, talons 1, thin skeletal structure 1, agile 1, deformed body
a: Smiting, Recall Orcish Followers, Give Item to Named Follower, Renounce
Religion, Evoke Blink


You were on level 4 of the Shoals.
You worshipped Beogh.
Beogh was extremely pleased with you.
You were not hungry.

You visited 4 branches of the dungeon, and saw 23 of its levels.
You also visited: Ossuary and Volcano.

You collected 3357 gold pieces.
You spent 1209 gold pieces at shops.

Inventory:

Hand Weapons
 e - a +3 scimitar of flaming
 v - a +0 trident of freezing
 E - a +1 glaive of venom
 G - a +7 vampiric hand axe (weapon)
 K - a +0 dire flail
Missiles
 a - 18 javelins of penetration
 b - 27 steel javelins
 i - 9 tomahawks of returning (quivered)
 k - 212 bolts
 P - 68 tomahawks
Armour
 c - a +0 shield (worn)
 m - a +2 helmet (worn)
 o - a +1 cloak of poison resistance (worn)
 p - a +0 pair of gloves (worn)
 A - +0 acid dragon scales
 D - a +8 plate armour (worn)
Jewellery
 d - a +1 ring of evasion (left hand)
 g - an amulet of regeneration (around neck)
 l - the ring of the Tarantula (right hand) {+Blink AC+1 SInv Stlth-}
   (You found it on level 13 of the Dungeon)

   [ring of protection]

   It affects your AC (+1).
   It lets you see invisible.
   It lets you blink.
   It makes you less stealthy.
 r - an uncursed ring of protection from cold
 y - an uncursed ring of positive energy
Wands
 j - a wand of polymorph (21)
 w - a wand of paralysis (27)
 z - a wand of flame (34)
 B - a wand of disintegration (3)
 F - a wand of iceblast (17)
 I - a wand of random effects (29)
Scrolls
 h - 3 scrolls of blinking
 n - 4 scrolls of teleportation
 s - 10 scrolls of amnesia
 u - 10 scrolls of remove curse
 C - 5 scrolls of fear
 L - a scroll of fog
 O - 3 scrolls of identify
 R - 3 scrolls of magic mapping
 Y - a scroll of silence
Potions
 q - 2 potions of heal wounds
 t - 3 potions of cancellation
 x - 3 potions of curing
 H - 4 potions of agility
 J - 2 potions of ambrosia
 M - a potion of invisibility
 N - 3 potions of magic
 S - 3 potions of haste
 U - 4 potions of brilliance
 W - 5 potions of flight
 X - 2 potions of might
 Z - a potion of resistance
Miscellaneous
 Q - a lightning rod (4/4)
 V - a fan of gales
Comestibles
 f - 11 rations


   Skills:
 * Level 18.1 Fighting
 + Level 18.1 Axes
 + Level 6.6 Throwing
 + Level 14.8 Armour
 + Level 14.8 Shields
 + Level 3.3 Invocations


You had 15 spell levels left.
You didn't know any spells.

Dungeon Overview and Level Annotations

Branches:
Dungeon (14/15)            Temple (0/1) D:4            Lair (3/6) D:11
 Shoals (4/4) Lair:3          Orc (2/2) D:11            Elf (0/3) Orc:2
 Vaults (0/5) D:14
  Snake: Lair:2-4    Spider: Lair:2-4

Altars:
Ashenzari
Cheibriados
Dithmenos
Fedhas
Gozag
Hepliaklqana
Qazlal
Sif Muna
Xom
Yredelemnul
The Shining One
Beogh

Shops:
D:7 *   D:8 %   D:9 (   D:10 ?!   Orc:2 *[}*   Shoals:2 !?**   Shoals:4 [


Innate Abilities, Weirdness & Mutations

You can walk on water.
You have sharp toenails.
You have a somewhat thin skeletal structure. (Dex +2, Stealth)
You are agile. (Dex +2)
Armour fits poorly on your strangely shaped body.


Message History

Orgrim looks as sick as possible!
You feel sick.
Orgrim no longer looks unusually strong.
You block the merfolk javelineer's attack.
Your orc knight roars a battlecry!
Orgrim goes into a battle-frenzy!
The alligator snapping turtle barely misses Bolgrim.
The merfolk javelineer hits you from afar with a spear of piercing!
* * * LOW HITPOINT WARNING * * *
x2 Orgrim hits the merfolk javelineer with a +4 halberd!!
You feel sick.
Your orc high priest no longer looks unusually strong.
Your orc knight no longer looks unusually strong. x2
Wardok no longer looks unusually strong.
Alork roars a battlecry!
Your orcs go into a battle-frenzy!
The merfolk javelineer hits you but does no damage.
The alligator snapping turtle bites Bolgrim!!
The merfolk javelineer hits you from afar with a spear of piercing!
You die...

≈≈.......≈≈P≈PPP≈≈≈≈≈≈≈≈≈≈≈≈≈#
≈≈.......≈≈≈≈#####.≈≈≈≈≈≈≈≈≈≈#
≈≈≈.....(.≈≈##...##..≈≈≈≈≈≈≈≈#
≈≈≈......≈P≈#.....#..≈≈≈≈≈≈≈≈#
≈≈≈≈...≈ooo≈#..m..#..≈≈≈≈≈≈≈≈#
≈≈≈≈≈≈≈≈≈oo≈#.mmmm#..≈≈≈≈≈≈≈≈#
≈≈PPP≈≈≈≈≈≈≈##mmm##..≈≈≈≈≈≈≈≈#
PPPP≈≈P≈≈≈≈oo##o##...≈≈≈≈≈≈≈≈#
≈≈P≈≈P≈≈≈≈≈toooo@...≈≈≈≈≈≈≈≈≈#
≈≈≈PP≈≈≈≈≈≈≈≈oooo...≈≈≈≈≈≈≈≈≈#
≈≈≈P≈≈≈≈≈≈≈≈≈......≈≈≈≈≈≈≈≈≈≈#
≈≈≈≈≈≈≈≈≈≈≈≈≈≈≈...≈≈≈≈≈≈≈≈≈≈≈#
.≈≈≈≈≈≈≈≈≈≈≈≈≈≈≈≈≈≈≈≈≈≈≈≈≈≈≈≈
..≈≈≈≈≈≈≈(≈≈≈≈≈≈≈≈≈≈≈≈≈≈
...##'##≈≈≈≈≈≈≈≈≈≈≈≈≈≈≈≈ ..#
≈≈ ##≈≈≈≈≈≈≈≈≈≈≈≈≈≈≈≈≈ ..#
#≈≈≈≈≈≈≈≈≈≈≈≈≈≈≈≈≈


You could see an alligator snapping turtle, 2 merfolk impalers, 3 merfolk
javelineers, 2 friendly orc knights, the friendly Alork the orc knight, the
friendly Bogdan the orc knight, the friendly Bolgrim the orc knight, the
friendly Orbeogh the orc knight, the friendly Orgrim the orc knight, the
friendly Wardok the orc knight, the friendly Urug, a friendly orc high priest
and the friendly Olfik the orc priest.

Vanquished Creatures
  Polyphemus (Shoals:3)
  Gastronok (Lair:1)
  3 stone giants
  3 merfolk impalers (Shoals:4)
  2 merfolk javelineers (Shoals:4)
  Fannar (Lair:1)
  Harold (Lair:1)
  A vault guard (D:14)
  2 merfolk avatars
  A hydra (D:12)
  A centaur warrior (D:9)
  6 two-headed ogres
  3 merfolk aquamancers (Shoals:1)
  6 death yaks
  A queen ant (D:9)
  A queen ant (shapeshifter) (D:9)
  Urug (Lair:3)
  Sonja (D:13)
  The ghost of NullDivider the Covert, a novice SpAr of Gozag (D:10)
  2 sea snakes (Shoals:1)
  An unseen horror (D:12)
  Pikel (D:5)
  3 ugly things
  8 manticores
  A faun (Shoals:1)
  17 harpies
  Maurice (Orc:1)
  12 cyclopes
  6 merfolk sirens
  Joseph (Lair:1)
  2 spiny frogs (Lair:1)
  4 water nymphs
  2 molten gargoyles (Volcano)
  3 gargoyles
  A centaur skeleton (D:12)
  An efreet (Volcano)
  A hornet (D:12)
  3 trolls
  25 merfolk
  Prince Ribbit (D:5)
  4 wind drakes
  7 hippogriffs
  A dream sheep (Shoals:4)
  5 snapping turtles
  A vampire (D:11)
  3 wraiths
  A spriggan (D:7)
  A fire elemental (Volcano)
  7 water elementals
  A basilisk (Lair:3)
  10 yaks
  3 fire bats
  Grum (D:8)
  A hog (D:14)
  6 humans (D:14)
  A warg (Orc:1)
  A hungry ghost (D:11)
  2 vampire mosquitoes (D:13)
  2 acid dragons
  2 water moccasins
  7 soldier ants (D:9)
  2 black bears
  A porcupine (Lair:2)
  6 sky beasts
  2 ice beasts
  3 slaves (D:5)
  3 orc warriors
  A hornet zombie (D:8)
  16 ogres
  6 wolves
  4 centaurs
  3 crocodiles
  An elf zombie (Ossuary)
  Blork the orc (D:5)
  14 bullfrogs
  2 gnoll sergeants
  2 earth elementals (Volcano)
  4 scorpions
  The ghost of kajmaj the Ruffian, a weakling DrTm (D:3)
  5 killer bees (D:7)
  16 wights
  An electric eel (Lair:3)
  9 howler monkeys
  9 crimson imps
  10 hounds
  5 lava snakes (Volcano)
  5 centaur zombies
  A bullfrog zombie (D:11)
  Crazy Yiuf (D:2)
  7 human zombies (Ossuary)
  4 jellies
  4 orc wizards
  A bullfrog skeleton (D:4)
  6 orc priests
  Jessica (D:3)
  3 iguanas
  A hell rat (D:11)
  Natasha (thrice) (D:2)
  29 worker ants
  A hound zombie (D:10)
  2 hound skeletons
  3 mummies (Ossuary)
  11 gnolls
  13 adders
  5 shadow imps
  An ooze (D:3)
  5 adder zombies
  An adder skeleton (D:6)
  A worm (D:3)
  2 dart slugs (D:1)
  9 leopard geckos
  27 orcs
  5 giant cockroaches
  16 goblins
  7 hobgoblins
  12 jackals
  7 quokkas
  4 ball pythons
  16 bats
  6 frilled lizards
  A goblin zombie (D:8)
  3 jackal skeletons
  10 kobolds
  A leopard gecko zombie (D:6)
  A quokka skeleton (D:8)
  14 rats
  A rat zombie (D:8)
  A fungus (D:5)
  8 plants
587 creatures vanquished.

Vanquished Creatures (collateral kills)
  Rupert (D:14)
  A titan (Shoals:3)
  Kirke (D:14)
  Ilsuiw (Shoals:4)
  Donald (Shoals:2)
  A stone giant (Shoals:3)
  2 merfolk javelineers (Shoals:4)
  An ettin (Orc:1)
  4 merfolk impalers
  The ghost of zorgos the Blocker, a journeyman MiFi (D:12)
  2 vault guards (D:14)
  The ghost of jepsan the Frost Mage, a journeyman DrIE of Sif Muna (D:12)
  2 merfolk avatars
  A catoblepas (Shoals:3)
  5 hydras
  A centaur warrior (D:14)
  A satyr (Shoals:3)
  17 two-headed ogres
  An alligator snapping turtle (Shoals:4)
  A death knight (D:14)
  4 ogre magi (Orc:2)
  An unseen horror (D:11)
  A flayed ghost (D:13)
  7 sea snakes (Shoals:4)
  2 wizards (D:14)
  An orc knight (Orc:2)
  A phantasmal warrior (D:14)
  A deep elf mage (D:12)
  6 ugly things
  3 harpies (Shoals:4)
  5 manticores
  4 fauns
  An orc sorcerer (Orc:2)
  6 merfolk sirens
  4 cyclopes
  3 water nymphs
  3 centaur skeletons
  3 spiny frogs
  A yaktaur (D:14)
  A freezing wraith (D:14)
  13 merfolk
  3 trolls
  3 slime creatures (D:13)
  3 wind drakes
  3 blink frogs (Lair:3)
  7 dream sheep
  2 hippogriffs
  7 snapping turtles
  A wyvern (D:11)
  5 wraiths
  A shadow (D:14)
  A hog (D:14)
  A fire bat (D:13)
  13 humans (D:14)
  2 water elementals (Shoals:4)
  5 yaks
  2 vampire mosquitoes (D:13)
  4 wargs
  2 water moccasins
  3 porcupines
  An ice beast (D:14)
  2 orc warriors
  A sky beast (D:12)
  18 ogres
  A phantom (D:12)
  2 wolves (Lair:3)
  3 crocodiles (Lair:1)
  3 centaurs
  2 bullfrogs
  7 wights
  2 electric eels (D:13)
  4 howler monkeys
  A crimson imp (D:14)
  A jelly (D:12)
  2 orc wizards
  3 orc priests
  4 hounds
  A worker ant (D:12)
  A leopard gecko (D:11)
  8 orcs
  5 bats (D:13)
  A jackal (D:9)
  9 fungi
  43 plants
310 creatures vanquished.

Vanquished Creatures (others)
  An orc warlord (Shoals:4)
  5 orc knights
  3 orc sorcerers
  5 dream sheep (D:4)
  9 orc warriors
  10 orc priests
  5 orc wizards
  A worker ant (D:12)
  39 orcs
  2 fungi
  11 plants
91 creatures vanquished.

Grand Total: 988 creatures vanquished

Notes
Turn   | Place    | Note
-------+----------+-------------------------------------------
     0 | D:1      | StormFly the Hill Orc Fighter began the quest for the Orb.
     0 | D:1      | Reached XP level 1. HP: 19/19 MP: 1/1
   185 | D:1      | Reached XP level 2. HP: 27/27 MP: 2/2
   472 | D:1      | Reached XP level 3. HP: 32/33 MP: 3/3
   615 | D:1      | Gained mutation: You evolve. [potion of mutation]
   615 | D:1      | Gained mutation: You have a somewhat thin skeletal structure. (Dex +2, Stealth) [potion of mutation]
   854 | D:2      | Found a shadowy altar of Dithmenos.
   902 | D:2      | Reached XP level 4. HP: 40/40 MP: 4/4
  1071 | D:2      | Noticed Natasha
  1083 | D:2      | Killed Natasha
  1083 | D:2      | Reached XP level 5. HP: 35/47 MP: 5/5
  1190 | D:2      | Found a faded altar of an unknown god.
  1255 | D:2      | Gained mutation: You are agile. (Dex +2) [evolution]
  1496 | D:2      | Found a runed door.
  1500 | D:2      | Noticed Crazy Yiuf
  1500 | D:2      | Noticed Natasha
  1508 | D:2      | Killed Crazy Yiuf
  1509 | D:2      | Killed Natasha
  1576 | D:2      | Noticed Natasha
  1582 | D:2      | Killed Natasha
  1582 | D:2      | Reached skill level 5 in Fighting
  1738 | D:3      | Reached XP level 6. HP: 51/56 MP: 6/6
  2034 | D:3      | Noticed Jessica
  2042 | D:3      | Killed Jessica
  2146 | D:3      | Noticed kajmaj's ghost (weakling DrTm)
  2158 | D:3      | Killed kajmaj's ghost
  2454 | D:4      | Reached skill level 5 in Axes
  2661 | D:4      | Found a shimmering altar of Xom.
  2661 | D:4      | Noticed a dream sheep
  2661 | D:4      | Noticed a dream sheep
  2661 | D:4      | Noticed a dream sheep
  2661 | D:4      | Noticed a dream sheep
  2661 | D:4      | Noticed a dream sheep
  2667 | D:4      | Killed a dream sheep
  2667 | D:4      | Killed a dream sheep
  2668 | D:4      | Killed a dream sheep
  2668 | D:4      | Killed a dream sheep
  2668 | D:4      | Killed a dream sheep
  2724 | D:4      | Reached skill level 5 in Armour
  2724 | D:4      | Reached skill level 5 in Shields
  2724 | D:4      | Reached XP level 7. HP: 57/61 MP: 7/7
  2906 | D:4      | Found a deep blue altar of Sif Muna.
  2985 | D:4      | Found a staircase to the Ecumenical Temple.
  3146 | D:4      | Became a worshipper of Beogh the Brigand
  3301 | D:4      | Reached * piety under Beogh
  3485 | D:5      | Entered Level 5 of the Dungeon
  3506 | D:5      | Found a transporter.
  3533 | D:5      | Found a transporter.
  3624 | D:5      | Noticed Prince Ribbit
  3650 | D:5      | Killed Prince Ribbit
  3650 | D:5      | Reached XP level 8. HP: 55/71 MP: 8/8
  3886 | D:5      | Found a blossoming altar of Fedhas.
  3899 | D:5      | Found an opulent altar of Gozag.
  4062 | D:5      | Gained mutation: Armour fits poorly on your strangely shaped body. [evolution]
  4107 | D:5      | Noticed Blork the orc
  4114 | D:5      | Killed Blork the orc
  4203 | D:5      | Noticed Pikel
  4341 | D:5      | Killed Pikel
  4625 | D:6      | Gained mutation: You have sharp toenails. [evolution]
  4635 | D:6      | Reached XP level 9. HP: 69/79 MP: 9/9
  4992 | D:6      | You fall through a shaft!
  5299 | D:6      | Found a basalt altar of Yredelemnul.
  5428 | D:6      | Reached ** piety under Beogh
  6008 | D:7      | Found Recva's Blasphemy Boutique.
  6009 | D:7      | Found a basalt altar of Yredelemnul.
  6012 | D:7      | Bought a +2 vampiric hand axe for 273 gold pieces
  6385 | D:7      | Found a shattered altar of Ashenzari.
  6596 | D:8      | Reached XP level 10. HP: 85/91 MP: 10/10
  6719 | D:8      | Noticed a two-headed ogre
  6728 | D:8      | Killed a two-headed ogre
  6859 | D:8      | Noticed Grum
  6863 | D:8      | Lost mutation: You evolve. [evolution]
  6870 | D:8      | Reached skill level 10 in Axes
  6877 | D:8      | Killed Grum
  7051 | D:8      | Found Heogueprih's Food Shop.
  7165 | D:8      | Found a sand-covered staircase.
  7194 | Ossuary  | Entered an ossuary
  7265 | Ossuary  | Reached skill level 10 in Fighting
  7277 | Ossuary  | Reached *** piety under Beogh
  7641 | D:9      | Reached XP level 11. HP: 101/101 MP: 11/11
  7730 | D:9      | Reached **** piety under Beogh
  7732 | D:9      | Noticed a queen ant
  7771 | D:9      | Killed a queen ant
  7820 | D:9      | Reached skill level 10 in Shields
  7948 | D:9      | Reached skill level 10 in Armour
  7961 | D:9      | Noticed a manticore
  7965 | D:9      | Noticed a cyclops
  7969 | D:9      | Killed a manticore
  8021 | D:9      | Killed a cyclops
  8024 | D:9      | Noticed a two-headed ogre
  8035 | D:9      | Killed a two-headed ogre
  8087 | D:9      | Noticed an anaconda
  8093 | D:9      | Noticed a queen ant
  8122 | D:9      | Killed a queen ant
  8191 | D:9      | Noticed a centaur warrior
  8202 | D:9      | Killed a centaur warrior
  8239 | D:9      | Got a pitted dagger
  8361 | D:9      | Noticed a two-headed ogre
  8366 | D:9      | Killed a two-headed ogre
  8366 | D:9      | Reached XP level 12. HP: 112/112 MP: 12/12
  8456 | D:9      | Found Geptus's Weapon Shoppe.
  8776 | D:9      | Found a stormy altar of Qazlal.
  8867 | D:10     | Entered Level 10 of the Dungeon
  8894 | D:10     | Noticed a two-headed ogre
  8900 | D:10     | Killed a two-headed ogre
  8918 | D:10     | Found Foixt's Distillery.
  9022 | D:10     | Reached ***** piety under Beogh
  9277 | D:10     | Found Keejujug's Magic Scroll Shop.
  9286 | D:10     | Bought a scroll of enchant weapon for 120 gold pieces
  9384 | D:10     | Noticed NullDivider's ghost (novice SpAr)
  9395 | D:10     | Killed NullDivider's ghost
 10046 | D:11     | Found a staircase to the Orcish Mines.
 10401 | D:11     | Noticed a death yak
 10401 | D:11     | Noticed a death yak
 10401 | D:11     | Noticed a death yak
 10402 | D:11     | Found a staircase to the Lair.
 10425 | D:11     | Killed a death yak
 10432 | D:11     | Killed a death yak
 10434 | D:11     | Killed a death yak
 10965 | Orc:1    | Entered Level 1 of the Orcish Mines
 11006 | Orc:1    | Found a roughly hewn altar of Beogh.
 11010 | Orc:1    | Noticed an ettin
 11013 | Orc:1    | Noticed Maurice
 11019 | Orc:1    | Killed an ettin
 11025 | Orc:1    | Killed Maurice
 11702 | Orc:1    | Gained Zorug as an ally
 11772 | Orc:2    | Entered Level 2 of the Orcish Mines
 11772 | Orc:2    | Found a staircase to the Elven Halls.
 11776 | Orc:2    | Noticed a two-headed ogre
 11782 | Orc:2    | Paralysed by an orc sorcerer for 4 turns
 11785 | Orc:2    | Noticed a two-headed ogre
 11788 | Orc:2    | Noticed a two-headed ogre
 11791 | Orc:2    | Reached XP level 13. HP: 95/119 MP: 13/13
 12097 | Orc:2    | Gained Orgrim as an ally
 12121 | Orc:2    | Noticed an ogre mage
 12124 | Orc:2    | Your ally Zorug died
 12125 | Orc:2    | Reached skill level 15 in Axes
 12236 | Orc:2    | Reached ****** piety under Beogh
 12270 | Orc:2    | Gained Bolgrim as an ally
 12279 | Orc:2    | Killed an ogre mage
 12690 | Orc:2    | Found Guros's Gadget Emporium.
 12690 | Orc:2    | Found Dicoi's Assorted Antiques.
 12690 | Orc:2    | Found Roczesea's General Store.
 12690 | Orc:2    | Found Loec Qape's Antique Armour Emporium.
 12697 | Orc:2    | Bought an arbalest for 112 gold pieces
 13379 | D:12     | Noticed zorgos's ghost (journeyman MiFi)
 13393 | D:12     | Killed zorgos's ghost
 13956 | D:12     | Noticed jepsan's ghost (journeyman DrIE)
 13976 | D:12     | Killed jepsan's ghost
 14362 | D:13     | Found a shimmering altar of Xom.
 14371 | D:13     | Noticed Sonja
 14373 | D:13     | Found a runed door.
 14380 | D:13     | Reached XP level 14. HP: 132/132 MP: 14/14
 14384 | D:13     | Killed Sonja
 14468 | D:13     | Found a snail-covered altar of Cheibriados.
 14504 | D:13     | Found a hazy altar of Hepliaklqana.
 14731 | D:13     | Got a coiled glass ring
 14735 | D:13     | Identified the ring of the Tarantula {+Blink AC+1 SInv Stlth-} (You found it on level 13 of the Dungeon)
 14750 | D:13     | Found a shimmering altar of Xom.
 14762 | D:13     | Found a shattered altar of Ashenzari.
 14801 | D:13     | Found a stormy altar of Qazlal.
 15001 | D:13     | Gained Alork as an ally
 15933 | D:14     | Gained Bogdan as an ally
 15992 | D:14     | Noticed Rupert
 16002 | D:14     | Killed Rupert
 16254 | D:14     | Gained Blodwig as an ally
 16281 | D:14     | Reached skill level 1 in Throwing
 16306 | D:14     | Gained Olfik as an ally
 16329 | D:14     | Found a gate to the Vaults.
 16333 | D:14     | Your ally Blodwig died
 16343 | D:14     | Reached skill level 15 in Fighting
 16824 | D:14     | Gained Orkrul as an ally
 16949 | D:14     | Noticed Kirke
 16961 | D:14     | Killed Kirke
 17018 | D:14     | Gained Wargrak as an ally
 17303 | Lair:1   | Entered Level 1 of the Lair of Beasts
 17303 | Lair:1   | Noticed Harold
 17310 | Lair:1   | Killed Harold
 17327 | Lair:1   | Noticed Fannar
 17342 | Lair:1   | Killed Fannar
 17713 | Lair:1   | Noticed Gastronok
 17723 | Lair:1   | Killed Gastronok
 17947 | Lair:1   | Noticed Joseph
 17961 | Lair:1   | Killed Joseph
 18609 | Lair:2   | Found a dark tunnel.
 18644 | Volcano  | Entered a volcano
 18967 | Volcano  | Found a bloodstained altar of Trog.
 18987 | Volcano  | Noticed a stone giant
 19003 | Volcano  | Killed a stone giant
 19004 | Volcano  | Reached XP level 15. HP: 143/143 MP: 13/15
 19300 | Lair:2   | Your ally Olfik died
 19321 | Lair:2   | Your ally Wargrak died
 19870 | Lair:3   | Found a staircase to the Shoals.
 19977 | Lair:3   | Found a glowing golden altar of the Shining One.
 20053 | Lair:3   | Noticed Urug
 20067 | Lair:3   | Killed Urug
 20733 | Shoals:1 | Entered Level 1 of the Shoals
 22401 | Shoals:2 | Found Akkol's General Store.
 22428 | Shoals:2 | Reached skill level 5 in Throwing
 22446 | Shoals:2 | Bought a scroll of enchant weapon for 135 gold pieces
 22470 | Shoals:2 | Found Paekid's General Store.
 22546 | Shoals:2 | Noticed Donald
 22564 | Shoals:2 | Killed Donald
 22571 | Shoals:2 | Gained Orbeogh as an ally
 22742 | Shoals:2 | Found Cevyfonk's Magic Scroll Emporium.
 22782 | Shoals:2 | Bought 3 scrolls of enchant armour for 427 gold pieces
 22785 | Shoals:2 | Bought a scroll of enchant armour for 142 gold pieces
 22920 | Shoals:2 | Found Puagrebi's Distillery.
 23285 | Shoals:2 | Reached XP level 16. HP: 155/155 MP: 16/16
 24020 | Shoals:3 | Gained Olfik as an ally
 24176 | Shoals:3 | Noticed Polyphemus
 24192 | Shoals:3 | Killed Polyphemus
 24222 | Shoals:3 | Noticed a titan
 24265 | Shoals:3 | Killed a titan
 24583 | Shoals:4 | Entered Level 4 of the Shoals
 24755 | Shoals:4 | Reached skill level 1 in Invocations
 24763 | Shoals:4 | Gained Wardok as an ally
 24803 | Shoals:4 | Your ally Orbeogh died
 25085 | Shoals:4 | Your ally Orkrul died
 25281 | Shoals:4 | Found Futhois's Antique Armour Shop.
 25705 | Shoals:4 | Noticed Ilsuiw
 25713 | Shoals:4 | Killed Ilsuiw
 26089 | Shoals:4 | Slain by a merfolk javelineer

Skill      XL: |  1  2  3  4  5  6  7  8  9 10 11 12 13 14 15 16 |
---------------+-------------------------------------------------+-----
Axes           | 3 4 5 6 7 9 10 12 14 15 16 17 18 | 18.1
Fighting       | 4 5 6 7 9 10 11 12 14 15 17 18 | 18.1
Armour         | 4 5 6 8 9 10 11 12 13 14 | 14.8
Shields        | 4 5 6 8 9 10 11 12 13 14 | 14.8
Throwing       | 3 5 6 |  6.6
Invocations    | 3 |  3.3

Action                   |  1- 3 |  4- 6 |  7- 9 | 10-12 | 13-15 | 16-18 || total
-------------------------+-------+-------+-------+-------+-------+-------++-------
Melee: War axe           |    75 |   214 |   285 |       |       |       ||   574
       Kick              |       |       |    55 |   383 |   452 |   147 ||  1037
       Hand axe          |       |       |    69 |   840 |   955 |   298 ||  2162
       Trident           |       |       |       |       |    19 |       ||    19
Throw: Tomahawk          |       |       |    58 |    26 |    26 |    21 ||   131
Invok: Convert to Beogh  |       |       |     1 |       |       |       ||     1
       Smiting           |       |       |     3 |       |    12 |     3 ||    18
       Recall Orcish Fol |       |       |       |     4 |    11 |       ||    15
       Stop Recall       |       |       |       |     1 |     1 |       ||     2
       Give Item to Name |       |       |       |       |     6 |     2 ||     8
       Resurrection      |       |       |       |       |     2 |     1 ||     3
 Abil: Evoke Blink       |       |       |       |       |       |     1 ||     1
Evoke: Wand              |       |       |     3 |    13 |     4 |     2 ||    22
       Lightning rod     |       |       |       |       |     6 |       ||     6
       Fan of gales      |       |       |       |       |     1 |       ||     1
  Use: Scroll            |     4 |     7 |     6 |    13 |    15 |     1 ||    46
       Potion            |     3 |     1 |     1 |     6 |    11 |     3 ||    25
 Stab: Paralysed         |       |       |       |     4 |       |       ||     4
       Distracted        |       |       |       |     3 |     2 |     7 ||    12
       Petrifying        |       |       |       |       |       |     1 ||     1
       Petrified         |       |       |       |       |       |     1 ||     1
  Eat: Ration            |       |     2 |     5 |     8 |    12 |     2 ||    29
Armor: Scale mail        |    44 |   110 |    32 |       |       |       ||   186
       Skin              |     2 |       |       |       |       |       ||     2
       Chain mail        |       |       |    67 |       |       |       ||    67
       Plate armour      |       |       |    79 |   286 |   481 |   109 ||   955
Dodge: Dodged            |    21 |    49 |    73 |   100 |   219 |    77 ||   539
Block: Shield            |    43 |   123 |   184 |   356 |   596 |   159 ||  1461
